 Dungeon Crawl Stone Soup version 0.29.1-15-g9cfb28693d (webtiles) character file.

Game seed: 13646704133067883041

314538 Peloso the Minotaur Blade (level 20, -15/169 (200) HPs)
             Began as a Minotaur Fighter on Apr 26, 2023.
             Was the Champion of Okawaru.
             Demolished by a vault warden
             ... wielding a +3 great mace of draining
              (19 damage)
             ... on level 2 of the Vaults.
             The game lasted 02:16:13 (44536 turns).

Peloso the Minotaur Blade (Minotaur Fighter)       Turns: 44536, Time: 02:16:13

HP:   -15/169 (200) AC: 44    Str: 40    XL:     20   Next: 49%
MP:   20/20         EV: 19    Int:  5    God:    Okawaru [******]
Gold: 1823          SH: 18    Dex: 17    Spells: 19/19 levels left

rFire   + + .      SeeInvis +   c - +11 scimitar of Mayhem {spect, Str+4}
rCold   + + .      Faith    +   d - +0 kite shield {rF+}
rNeg    . . .      Spirit   .   U - +13 shadow dragon scales of the Original Sin {Harm Will+ Str+3 Stlth++++}
rPois   +          Reflect  .   l - +2 hat {SInv}
rElec   +          Harm     +   q - +0 cloak
rCorr   .          Rampage  +   V - +0 pair of gloves "Odehu Taesu" {Rampage Regen+ Str+6 Stlth-}
Will    +++..                   u - +1 pair of boots
Stlth   +++++++...              s - amulet "Goaklial" {Faith rElec rPois rC+ Dex+4}
HPRegen 1.18/turn               A - ring "Ugeoher" {rF+ rC+ Will+ Stlth+}
MPRegen 0.17/turn               E - ring of flight

@: heroic, flying, heavily drained
A: horns 2, retaliatory headbutt
}: 2/15 runes: decaying, serpentine
a: Renounce Religion, Heroism, Finesse, Duel


You were on level 2 of the Vaults.
You worshipped Okawaru.
Okawaru was exalted by your worship.
You visited 8 branches of the dungeon, and saw 36 of its levels.
You visited the Abyss 1 time.
You visited 1 bazaar.
You also visited: Ice Cave.

You collected 4557 gold pieces.
You spent 2734 gold pieces at shops.

Inventory:

Hand Weapons
 a - a +1 spectral double sword
 b - the +7 great mace "Firestarter" {inner flame, rF++}
   (You bought it in a shop in a bazaar)

   It burns those it strikes, dealing additional fire damage.
   It fills those it strikes with an explosive inner flame.
   It grants immunity to clouds of flame.
   rF:        It greatly protects you from fire.
 c - the +11 scimitar of Mayhem (weapon) {spect, Str+4}
   (You bought it in a shop in a bazaar)

   When its wielder attacks, the weapon's spirit leaps out and strikes again.
   The spirit shares a part of any damage it takes with its wielder.
   Str:       It affects your strength (+4).
Armour
 d - a +0 kite shield of fire resistance (worn)
 e - +4 storm dragon scales {Bai Suzhen}
 h - the +5 kite shield of Reileuz {Int+7}
   (Okawaru gifted it to you on level 2 of the Vaults)

   Int:       It affects your intelligence (+7).
 l - a +2 hat of see invisible (worn)
 q - a +0 cloak (worn)
 u - a +1 pair of boots (worn)
 P - the +1 pair of gloves of Going Fast {rF++ rN+ Will+ Dex-2}
   (Okawaru gifted it to you on level 13 of the Dungeon)

   Dex:       It affects your dexterity (-2).
   rF:        It greatly protects you from fire.
   rN:        It protects you from negative energy.
   Will:      It increases your willpower.
 U - the +13 shadow dragon scales of the Original Sin (worn) {Harm Will+ Str+3 Stlth++++}
   (You found it on level 8 of the Dungeon)

   Str:       It affects your strength (+3).
   Harm:      It increases damage dealt and taken.
   Will:      It increases your willpower.
   Stlth:     It makes you much more stealthy.
 V - the +0 pair of gloves "Odehu Taesu" (worn) {Rampage Regen+ Str+6 Stlth-}
   (Okawaru gifted it to you on level 2 of the Lair of Beasts)

   Str:       It affects your strength (+6).
   Regen:     It increases your rate of health regeneration.
   Rampage:   It bestows one free step when moving towards enemies.
   Stlth:     It makes you less stealthy.
Jewellery
 k - an amulet of the acrobat
 s - the amulet "Goaklial" (around neck) {Faith rElec rPois rC+ Dex+4}
   (You bought it in a shop on level 2 of the Orcish Mines)

   [amulet of faith]

   It allows you to gain divine favour quickly.
   Dex:       It affects your dexterity (+4).
   rC:        It protects you from cold.
   rElec:     It insulates you from electricity.
   rPois:     It protects you from poison.
 A - the ring "Ugeoher" (left hand) {rF+ rC+ Will+ Stlth+}
   (You found it on level 3 of the Elven Halls)

   [ring of willpower]

   rF:        It protects you from fire.
   rC:        It protects you from cold.
   Will:      It increases your willpower.
   Stlth:     It makes you more stealthy.
 E - a ring of flight (right hand)
Wands
 m - a wand of digging (9)
Scrolls
 i - 15 scrolls of teleportation
 j - a scroll of silence
 o - a scroll of acquirement
 p - 6 scrolls of immolation
 v - 2 scrolls of fear
 C - 3 scrolls of poison
 F - 2 scrolls of noise
 Z - a scroll of blinking
Potions
 f - 16 potions of curing
 g - 3 potions of heal wounds
 n - 7 potions of might
 r - 4 potions of berserk rage
 x - 2 potions of mutation
 D - 4 potions of haste
 K - 2 potions of resistance
 N - 3 potions of invisibility


   Skills:
 + Level 21.9(26.9) Fighting
 + Level 22.6(27) Long Blades
 + Level 18.5(23.5) Armour
 + Level 10.5(15.5) Dodging
 + Level 10.2(15.2) Stealth
 + Level 21.2(26.2) Shields
 + Level 2.3 Invocations
 + Level 1.4 Evocations


You had 19 spell levels left.
You didn't know any spells.
Your spell library contained the following spells:

 Spells                   Type           Power      Damage    Failure   Level
 Beastly Appendage        Tmut           0%         N/A       71%         1
 Magic Dart               Conj           0%         1d3       71%         1
 Sandblast                Erth           0%         2d4       71%         1
 Shock                    Conj/Air       0%         1d3       71%         1
 Blink                    Tloc           0%         N/A       83%         2
 Ensorcelled Hibernation  Hex/Ice        0%         N/A       83%         2
 Searing Ray              Conj           0%         2d4       83%         2
 Wereblood                Tmut           0%         N/A       83%         2
 Confusing Touch          Hex            0%         N/A       97%         3
 Gell's Gravitas          Tloc           0%         N/A       97%         3
 Inner Flame              Hex/Fire       0%         N/A       97%         3
 Lesser Beckoning         Tloc           0%         N/A       97%         3
 Mephitic Cloud           Conj/Pois/Air  0%         N/A       97%         3
 Ozocubu's Armour         Ice            0%         N/A       97%         3
 Portal Projectile        Hex/Tloc       0%         N/A       97%         3
 Spider Form              Tmut/Pois      0%         N/A       97%         3
 Stone Arrow              Conj/Erth      0%         3d7       97%         3
 Swiftness                Air            0%         N/A       97%         3
 Teleport Other           Tloc           0%         N/A       97%         3
 Airstrike                Air            0%         2d(0-16)  100%        4
 Anguish                  Hex/Necr       0%         N/A       100%        4
 Corpse Rot               Necr/Pois/Air  0%         N/A       100%        4
 Dispel Undead            Necr           0%         3d6       100%        4
 Fulminant Prism          Conj/Hex       0%         3d6       100%        4
 Iskenderun's Mystic Bla  Conj/Tloc      0%         2d3       100%        4
 Leda's Liquefaction      Hex/Erth       0%         N/A       100%        4
 Passage of Golubria      Tloc           0%         N/A       100%        4
 Petrify                  Tmut/Erth      0%         N/A       100%        4
 Sticky Flame             Conj/Fire      0%         2d3       100%        4
 Blade Hands              Tmut           0%         N/A       100%        5
 Borgnjor's Vile Clutch   Necr/Erth      0%         N/A       100%        5
 Fireball                 Conj/Fire      0%         3d3       100%        5
 Lee's Rapid Deconstruct  Erth           0%         3d5*      100%        5
 Manifold Assault         Tloc           0%         N/A       100%        5
 Metabolic Englaciation   Hex/Ice        0%         N/A       100%        5
 Yara's Violent Unravell  Hex/Tmut       0%         3d3       100%        5
 Iron Shot                Conj/Erth      0%         9d1       100%        6
 Starburst                Conj/Fire      0%         6d3       100%        6
 Statue Form              Tmut/Erth      0%         N/A       100%        6
 Orb of Destruction       Conj           0%         9d5       100%        7
 Storm Form               Tmut/Air       0%         N/A       100%        7
 Disjunction              Tloc           0%         N/A       100%        8
 Shatter                  Erth           0%         3d5*      100%        9
 Call Imp                 Summ           Unusable   N/A       N/A         2
 Tukima's Dance           Hex            Unusable   N/A       N/A         3
 Animate Armour           Summ/Erth      Unusable   N/A       N/A         4
 Animate Dead             Necr           Unusable   N/A       N/A         4
 Summon Lightning Spire   Summ/Air       Unusable   N/A       N/A         4
 Death Channel            Necr           Unusable   N/A       N/A         6
 Simulacrum               Ice/Necr       Unusable   N/A       N/A         6

Dungeon Overview and Level Annotations

Branches:
Dungeon (15/15)            Temple (1/1) D:7            Lair (5/5) D:8
  Swamp (4/4) Lair:3        Snake (4/4) Lair:3        Slime (0/5) Lair:4
    Orc (2/2) D:12            Elf (3/3) Orc:2        Vaults (2/5) D:13
  Crypt (0/3) Vaults:2     Depths (0/4) D:15          IceCv (visited)

Altars:
Ashenzari
Cheibriados
Dithmenos
Elyvilon
Fedhas
Gozag
Hepliaklqana
Kikubaaqudgha
Makhleb
Nemelex Xobeh
Okawaru
Qazlal
Ru
Sif Muna
Uskayaw
Vehumet
Xom
Yredelemnul
Zin
The Shining One

Shops:
D:12 *   Orc:2 ?!==**(   Elf:2 :   Elf:3 ([

Portals:
Trove: D:12 (show abyssal rune of Zot)

Annotations:
D:11 3 runed translucent doors, Delarado's ghost, journeyman DjFE
Temple 2 transporters
Elf:2 3 runed translucent doors


Innate Abilities, Weirdness & Mutations

You have a pair of horns on your head.
You reflexively headbutt those who attack you in melee.


Message History

The deep troll barely misses you. You block the deep troll's attack.
You hit the vault warden but do no damage.
You headbutt the vault warden!
The vault warden is lightly wounded.
Your +11 scimitar of Mayhem {spect, Str+4} hits the vault warden!!
Unknown command.
You slash the vault warden! You headbutt the vault warden!
The vault warden is heavily wounded.
Your +11 scimitar of Mayhem {spect, Str+4} hits the vault warden.
You kill the ironbound preserver!
Okawaru accepts your kill.
The vault warden hits your +11 scimitar of Mayhem {spect, Str+4} with a +3 great mace of draining!!!
Your spectral weapon shares its damage with you!
Your +11 scimitar of Mayhem {spect, Str+4} fades away.
* * * LOW HITPOINT WARNING * * *
You block the deep troll's attack.
The deep troll claws you but does no damage.
The deep troll closely misses you. x2; The deep troll misses you.
You block the deep troll's attack.
You hit the vault warden but do no damage.
The vault warden is heavily wounded.
Your +11 scimitar of Mayhem {spect, Str+4} closely misses the vault warden.
You block the vault warden's attack. The deep troll bites you.
* * * LOW HITPOINT WARNING * * *
You block the deep troll's attack. The deep troll completely misses you.
The deep troll bites you but does no damage.
You block the deep troll's attack. The deep troll claws you.
* * * LOW HITPOINT WARNING * * *
You block the deep troll's attack. The deep troll completely misses you.
The deep troll claws you but does no damage.
Unknown command.
You closely miss the vault warden. You headbutt the vault warden.
The vault warden is heavily wounded.
Your +11 scimitar of Mayhem {spect, Str+4} hits the vault warden but does no damage.
You block the deep troll's attack. x2
The deep troll claws you but does no damage.
The vault warden hits you with a +3 great mace of draining!!
* * * LOW HITPOINT WARNING * * *
You feel drained.
You die...

###########################
...........................
...........................
..........#########..######
.........># ###..#
..........#.#####.+..#
..........#...'TT)#..#
..........#...cT@.#..############
..!.......#...'p()#..#)#.#..†#.#.
..........#.#####.#..##.#†#.#.#.#
####......# ###[.'.#.#.#.#.#.
...#..|...#########..##.#.#.#.#.#
...#....)............#.#.#.#.#.#.
...#.................#..#.#.#.#..
...#...............))#.#.#.#.#.#.
...#................)##.#.#.#.#.#


You could see a vault warden (strong), a yaktaur captain, 3 deep trolls and a
friendly +11 scimitar of Mayhem {spect, Str+4} (summoned).

Vanquished Creatures
  Frederick (Vaults:2)
  Bai Suzhen (Vaults:2)
  Nikola (Snake:3)
  Zenata (Vaults:2)
  Jorgrun (Swamp:2)
  Mlioglotl (Swamp:1)
  4 deep elf blademasters
  2 deep elf master archers (Elf:3)
  2 tentacled starspawn (Abyss:2)
  Donald (Swamp:2)
  Roxanne (D:15)
  3 thorn hunters
  6 deep elf sorcerers
  7 nagarajas
  An orc warlord (Orc:1)
  6 vault wardens
  Aizul (Swamp:4)
  Louise (Swamp:1)
  A draconian stormcaller (Abyss:2)
  3 deep elf elementalists (Elf:3)
  A reaper (IceCv)
  7 ironbound preservers
  3 very ugly things
  3 ironbound thunderhulks
  Azrael (Snake:3)
  4 deep elf demonologists (Elf:3)
  7 deep elf annihilators
  6 eleionomae
  An ettin (Orc:1)
  13 bunyips
  An entropy weaver (Vaults:1)
  Josephine (D:9)
  8 deep elf death magi (Elf:3)
  3 shambling mangroves (Swamp:4)
  2 deep elf high priests (Elf:3)
  4 great orbs of eyes
  A ghost crab (Swamp:3)
  A peacekeeper (Vaults:1)
  3 boulder beetles
  4 salamander tyrants (Snake:4)
  A catoblepas (D:13)
  8 centaur warriors
  An ice dragon (Lair:5)
  38 hydras
  2 ironbound frosthearts (Vaults:1)
  6 anacondas
  3 vault guards (Vaults:1)
  2 two-headed ogres
  26 dancing weapons
  14 naga warriors
  7 alligators
  11 naga sharpshooters
  7 orc high priests
  A thrashing horror (Abyss:2)
  3 shock serpents
  Sonja (D:11)
  A spriggan berserker (Swamp:4)
  4 deep elf knights
  2 spriggan druids (Swamp:4)
  9 swamp dragons
  23 deep trolls
  7 goliath frogs
  A sixfirhy (Abyss:2)
  3 salamander mystics (Snake:4)
  11 starcursed masses (Abyss:2)
  3 naga ritualists
  9 bog bodies
  9 deep elf archers
  3 wizards (Vaults:1)
  9 lindwurms
  Pikel (D:9)
  5 harpies (Vaults:1)
  21 deep elf zephyrmancers
  A necromancer (Abyss:2)
  14 deep elf pyromancers
  6 ironbound convokers
  37 ugly things
  A wolf spider (D:14)
  10 mana vipers
  3 will-o-the-wisps
  11 salamanders
  6 large abominations (Abyss:2)
  2 manticores
  5 cyclopes
  An orc sorcerer (Orc:2)
  12 elephants
  2 worldbinders (Abyss:2)
  22 black mambas
  2 ice statues (IceCv)
  Joseph (D:7)
  5 guardian serpents
  A smoke demon (Abyss:2)
  7 torpor snails
  9 vault sentinels
  10 cane toads
  An unseen horror (D:11)
  A demonic crawler (Lair:5)
  13 naga magi
  12 rime drakes
  5 komodo dragons
  An efreet (D:15)
  11 yaktaurs
  2 freezing wraiths
  A kobold demonologist (D:13)
  4 ice devils (IceCv)
  A tengu conjurer (D:13)
  A tormentor (Abyss:2)
  An ancient zyme (Abyss:2)
  A yaktaur (shapeshifter) (D:13)
  2 anaconda simulacra (IceCv)
  A queen bee (D:12)
  8 trolls
  9 tyrant leeches
  3 meliai (D:12)
  A raiju (shapeshifter) (D:13)
  13 polar bears
  5 blink frogs (Lair:3)
  26 hornets
  3 dream sheep (Lair:3)
  28 slime creatures
  6 raiju (Lair:5)
  5 small abominations (Abyss:2)
  A shadow (D:11)
  A vampire (D:10)
  4 air elementals
  16 spriggans
  3 wyverns
  An ettin skeleton (Abyss:2)
  Sigmund (D:4)
  2 dire elephant simulacra (IceCv)
  5 wraiths
  52 yaks
  A spriggan (shapeshifter) (Elf:1)
  3 ynoxinuls (Abyss:2)
  6 water elementals
  7 fire elementals
  A basilisk (shapeshifter) (D:13)
  9 steam dragons
  A neqoxec (Abyss:2)
  2 basilisks
  A chaos spawn (Abyss:2)
  10 vampire mosquitoes
  A redback (Vaults:1)
  10 wargs
  44 nagas
  15 water moccasins
  20 swamp worms
  4 harpy simulacra (IceCv)
  A swamp worm (shapeshifter) (D:15)
  2 acid dragons
  2 hydra simulacra (IceCv)
  Duvessa (D:7)
  A water moccasin (shapeshifter) (D:13)
  12 hell hounds
  2 ice beasts
  27 orc warriors
  A sky beast (D:8)
  8 ogres
  14 swamp drakes
  31 wolves
  14 black bears
  5 boggarts (Vaults:1)
  5 centaurs
  2 phantoms (D:7)
  3 kobold brigands
  6 bullfrogs
  2 gnoll sergeants
  4 scorpions
  A necrophage (D:5)
  4 earth elementals
  6 wights
  Dowan (D:7)
  21 killer bees (D:12)
  An elephant simulacrum (IceCv)
  3 electric eels
  4 howler monkeys
  3 jellies
  6 hounds
  35 orc priests
  Ijyb (D:4)
  3 iguanas
  21 orc wizards
  15 gnolls
  12 adders
  A naga simulacrum (IceCv)
  A shadow imp (D:6)
  2 white imps
  4 ufetubi
  A worm (D:3)
  3 dart slugs
  110 orcs
  4 ball pythons
  10 endoplasms
  A giant cockroach (D:1)
  8 goblins
  8 hobgoblins
  8 jackals
  4 quokkas
  3 bats
  6 frilled lizards
  28 kobolds
  11 rats
  3 briar patches
  A bush (Lair:1)
  3 starspawn tentacles (Abyss:2)
1425 creatures vanquished.

Vanquished Creatures (others)
  A swamp dragon (Swamp:4)
  A wizard (Vaults:1)
  2 bloated husks
  A swamp worm (Swamp:2)
  An orc (D:5)
  2 briar patches (Swamp:2)
  20 foxfires
  50 fungi
  42 plants
  3 starspawn tentacles
123 creatures vanquished.

Grand Total: 1548 creatures vanquished

Notes
Turn   | Place    | Note
-------+----------+-------------------------------------------
     0 | D:1      | Peloso the Minotaur Fighter began the quest for the Orb.
     0 | D:1      | Reached XP level 1. HP: 19/19 MP: 0/0
   265 | D:1      | Reached XP level 2. HP: 27/27 MP: 1/1
   727 | D:1      | Reached XP level 3. HP: 33/33 MP: 2/2
  1051 | D:1      | Found a faded altar of an unknown god.
  1271 | D:2      | Reached skill level 3 in Long Blades
  1607 | D:2      | Reached XP level 4. HP: 38/40 MP: 0/3
  2664 | D:3      | Reached skill level 4 in Long Blades
  2664 | D:3      | Reached XP level 5. HP: 37/47 MP: 2/4
  3527 | D:3      | Reached skill level 1 in Dodging
  3766 | D:4      | Found a sacrificial altar of Ru.
  3769 | D:4      | Reached skill level 5 in Long Blades
  3795 | D:4      | Reached XP level 6. HP: 53/53 MP: 2/5
  3951 | D:4      | Noticed Ijyb
  3965 | D:4      | Killed Ijyb
  4047 | D:4      | Reached skill level 5 in Armour
  4429 | D:4      | Noticed Sigmund
  4438 | D:4      | Killed Sigmund
  4439 | D:4      | Reached skill level 6 in Long Blades
  4439 | D:4      | Reached skill level 5 in Shields
  4439 | D:4      | Reached XP level 7. HP: 60/60 MP: 3/6
  4819 | D:5      | Entered Level 5 of the Dungeon
  4819 | D:5      | Found a runed translucent door.
  4846 | D:5      | Reached skill level 5 in Fighting
  5196 | D:5      | Reached skill level 7 in Long Blades
  5373 | D:5      | Identified the +8 chain mail "Ruil" {Harm Dex+7 Stlth-}
  5795 | D:6      | Reached XP level 8. HP: 68/68 MP: 2/7
  5800 | D:6      | Reached skill level 8 in Long Blades
  6093 | D:6      | Reached skill level 9 in Long Blades
  7118 | D:7      | Noticed Joseph
  7136 | D:7      | Killed Joseph
  7137 | D:7      | Reached skill level 10 in Long Blades
  7137 | D:7      | Reached skill level 1 in Stealth
  7137 | D:7      | Reached XP level 9. HP: 33/78 MP: 0/8
  7556 | D:7      | You are sucked into a shaft and drop 1 floor!
  8038 | D:7      | Reached skill level 11 in Long Blades
  8129 | D:7      | Noticed Duvessa
  8130 | D:7      | Noticed Dowan
  8138 | D:7      | Killed Duvessa
  8144 | D:7      | Killed Dowan
  8330 | D:7      | Found a staircase to the Ecumenical Temple.
  8475 | Temple   | Entered the Ecumenical Temple
  8475 | Temple   | Found a transporter.
  8475 | Temple   | Found a transporter.
  8477 | Temple   | Found a transporter.
  8477 | Temple   | Found a transporter.
  8497 | Temple   | Became a worshipper of Warmaster Okawaru
  8781 | D:9      | Noticed Pikel
  8798 | D:9      | HP: 2/79 [Pikel/+1 whip of electrocution (16)]
  8801 | D:9      | Killed Pikel
  8801 | D:9      | Reached * piety under Okawaru
  8802 | D:9      | Reached XP level 10. HP: 15/86 MP: 2/9
  9114 | D:9      | Identified the +4 robe "Anwallea" {rF++ Dex-5}
  9222 | D:9      | Noticed a cyclops
  9230 | D:9      | Killed a cyclops
  9418 | D:8      | Reached skill level 12 in Long Blades
  9431 | D:9      | Reached skill level 10 in Armour
  9435 | D:8      | Found a staircase to the Lair.
  9462 | D:8      | Reached ** piety under Okawaru
  9722 | D:8      | Identified the +13 shadow dragon scales of the Original Sin
                  | {Harm Will+ Str+3 Stlth++++}
 10884 | D:9      | Noticed a two-headed ogre
 10890 | D:9      | Killed a two-headed ogre
 11160 | D:10     | Entered Level 10 of the Dungeon
 11222 | D:10     | Got the Teachings on Concussion and Pyromania
 11247 | D:10     | Reached *** piety under Okawaru
 11338 | D:10     | Noticed Josephine
 11360 | D:9      | Killed Josephine
 11361 | D:9      | Reached skill level 13 in Long Blades
 11361 | D:9      | Reached XP level 11. HP: 52/97 MP: 3/10
 11762 | D:10     | Noticed a centaur warrior
 11771 | D:10     | Killed a centaur warrior
 11938 | D:10     | Found a broken altar of Ashenzari.
 11943 | D:10     | Found an ancient bone altar of Kikubaaqudgha.
 12332 | D:11     | Noticed Sonja
 12338 | D:11     | Killed Sonja
 12338 | D:11     | Reached **** piety under Okawaru
 12789 | D:11     | Noticed a two-headed ogre
 12800 | D:11     | Killed a two-headed ogre
 12800 | D:11     | Reached ***** piety under Okawaru
 12965 | D:11     | Found a runed translucent gate.
 12968 | D:11     | Noticed a red ugly thing
 12974 | D:11     | Found a runed translucent gate.
 12975 | D:11     | Found a runed translucent gate.
 12975 | D:11     | Noticed Delarado's ghost (journeyman DjFE)
 12978 | D:11     | Noticed a frost giant
 13122 | D:11     | Identified the +1 leather armour "Kepte" {Dex+2}
 13436 | Lair:1   | Entered Level 1 of the Lair of Beasts
 13603 | Lair:1   | Received a gift from Okawaru
 13604 | Lair:1   | Reached skill level 10 in Fighting
 13604 | Lair:1   | Reached skill level 14 in Long Blades
 14049 | Lair:1   | Reached XP level 12. HP: 59/106 MP: 0/11
 14662 | Lair:2   | Identified the +0 pair of gloves "Odehu Taesu" {Rampage
                  | Regen+ Str+6 Stlth-} (Okawaru gifted it to you on level 2
                  | of the Lair of Beasts)
 14662 | Lair:2   | Received a gift from Okawaru
 14865 | Lair:2   | Reached skill level 5 in Dodging
 15011 | Lair:2   | Reached skill level 15 in Long Blades
 15019 | Lair:2   | Reached skill level 10 in Shields
 15627 | Lair:2   | Found the +8 whip "Snakebite" {venom, curare, rPois}
 16865 | Lair:3   | Reached XP level 13. HP: 103/116 MP: 12/12
 17033 | Lair:3   | Got the Almanac of Bewitching Stones
 17050 | Lair:3   | Found a staircase to the Snake Pit.
 17087 | Lair:3   | Received a gift from Okawaru
 17399 | Lair:3   | Found a staircase to the Swamp.
 18110 | Lair:1   | You are sucked into a shaft and drop 1 floor!
 18760 | D:12     | Reached skill level 16 in Long Blades
 18885 | D:12     | Received a gift from Okawaru
 18891 | D:12     | Reached ****** piety under Okawaru
 18938 | D:12     | Found Vickoeha's Elemental Accessories.
 19305 | D:12     | Found a staircase to the Orcish Mines.
 19431 | D:12     | Found a portal to a secret trove of treasure.
 19518 | Orc:1    | Entered Level 1 of the Orcish Mines
 19550 | Orc:1    | Found an iron altar of Okawaru.
 19550 | Orc:1    | You are sucked into a shaft and drop 1 floor!
 19550 | Orc:2    | Entered Level 2 of the Orcish Mines
 19707 | Orc:1    | Noticed an ettin
 19710 | Orc:1    | Found a frozen archway.
 19720 | IceCv    | Entered an ice cave
 19946 | IceCv    | Noticed a reaper
 19950 | IceCv    | Killed a reaper
 19951 | IceCv    | Reached skill level 5 in Stealth
 20061 | Orc:1    | Killed an ettin
 20485 | Orc:2    | Found a staircase to the Elven Halls.
 20509 | Orc:2    | Noticed an orc warlord
 20528 | Orc:2    | HP: 2/119 [orc warrior/+0 trident[an orc warlord] (10)]
 20751 | Orc:1    | Killed an orc warlord
 20774 | Orc:2    | Reached XP level 14. HP: 98/129 MP: 13/13
 20846 | Orc:2    | Found Sotoeg's General Store.
 20849 | Orc:2    | Found Ynitonu's Specific Store.
 20861 | Orc:2    | Bought a scroll of identify for 26 gold pieces
 21294 | Orc:2    | Found Zygigg's Distillery.
 21294 | Orc:2    | Found Gojenimn's Magic Scroll Shoppe.
 21368 | Orc:2    | Bought a potion of heal wounds for 65 gold pieces
 21480 | Orc:2    | Identified the +5 great sword of Judgement {spect, rC+
                  | Dex+4} (Okawaru gifted it to you on level 2 of the Orcish
                  | Mines)
 21480 | Orc:2    | Received a gift from Okawaru
 21481 | Orc:2    | Reached skill level 17 in Long Blades
 21482 | Orc:2    | Found Zooxaig's Jewellery Shoppe.
 21529 | Orc:2    | Found Loavi's Jewellery Boutique.
 21631 | Orc:2    | Bought the amulet "Goaklial" {Faith rElec rPois rC+ Dex+4}
                  | for 956 gold pieces
 21684 | Orc:2    | Bought a scroll of brand weapon for 171 gold pieces
 21741 | Orc:2    | Found Bozygyme's Antique Weapon Shop.
 22082 | D:13     | Found a gate to the Vaults.
 22437 | D:13     | Identified the +1 pair of gloves of Going Fast {rF++ rN+
                  | Will+ Dex-2} (Okawaru gifted it to you on level 13 of the
                  | Dungeon)
 22437 | D:13     | Received a gift from Okawaru
 22793 | Lair:4   | Found a staircase to the Slime Pits.
 22842 | Lair:4   | Reached skill level 15 in Armour
 22898 | Lair:4   | Identified the +1 scale mail "Achadun" {Str+2 Dex+2}
 23656 | Lair:5   | Entered Level 5 of the Lair of Beasts
 24063 | Lair:5   | Received a gift from Okawaru
 24063 | Lair:5   | Found the +8 demon blade "Leech" {vamp, Harm Drain rN+}
 24241 | Lair:5   | Reached skill level 15 in Fighting
 24248 | Lair:5   | Reached skill level 18 in Long Blades
 24334 | Lair:5   | Found a runed translucent door.
 24371 | Lair:5   | Reached XP level 15. HP: 122/141 MP: 14/14
 24714 | Lair:5   | Identified the +1 robe of Omission {Fly rPois Will- Str+4}
                  | (Okawaru gifted it to you on level 5 of the Lair of Beasts)
 24714 | Lair:5   | Received a gift from Okawaru
 26050 | D:14     | Reached skill level 1 in Evocations
 26332 | D:15     | Entered Level 15 of the Dungeon
 26427 | D:15     | Received a gift from Okawaru
 26488 | D:15     | Noticed Roxanne
 26504 | D:15     | Killed Roxanne
 26934 | D:15     | Reached skill level 19 in Long Blades
 26934 | D:15     | Found a staircase to the Depths.
 27004 | D:15     | Received a gift from Okawaru
 27428 | Snake:1  | Entered Level 1 of the Snake Pit
 27439 | Snake:1  | Reached skill level 1 in Invocations
 27798 | Snake:1  | Noticed a nagaraja
 27807 | Snake:1  | Killed a nagaraja
 27853 | Snake:1  | Reached XP level 16. HP: 140/152 MP: 16/16
 28652 | Snake:2  | Received a gift from Okawaru
 29585 | Swamp:1  | Entered Level 1 of the Swamp
 29787 | Swamp:1  | Got the Incunable of Evil and Metal
 29857 | Swamp:1  | Noticed Louise
 29908 | Abyss:2  | Cast into level 2 of the Abyss (Louise)
 30068 | Abyss:2  | Noticed a tentacled starspawn
 30077 | Abyss:2  | Killed a tentacled starspawn
 30157 | Abyss:2  | Reached skill level 15 in Shields
 30190 | Abyss:2  | Identified the +1 mace of Risk Management {pain, rF++ rCorr
                  | Str-2 SInv} (Okawaru gifted it to you on level 2 of the
                  | Abyss)
 30190 | Abyss:2  | Received a gift from Okawaru
 30562 | Abyss:2  | Noticed a tentacled starspawn
 30571 | Abyss:2  | Killed a tentacled starspawn
 30586 | Swamp:1  | Escaped the Abyss
 30602 | Swamp:1  | Killed Louise
 30780 | Swamp:1  | Noticed Mlioglotl
 30784 | Swamp:1  | Noticed a Hell Sentinel
 30784 | Swamp:1  | Noticed a tentacled starspawn
 30798 | Swamp:1  | Killed Mlioglotl
 30951 | Swamp:2  | Noticed Jorgrun
 30961 | Swamp:2  | Received a gift from Okawaru
 30973 | Swamp:2  | Killed Jorgrun
 30981 | Swamp:2  | Reached XP level 17. HP: 127/165 MP: 17/17
 31056 | Swamp:2  | Reached skill level 20 in Long Blades
 31113 | Swamp:2  | Noticed Donald
 31287 | Swamp:2  | Killed Donald
 31391 | Swamp:2  | Identified the +1 pair of gloves "Codwell" {rF++ Int+3
                  | Slay-2 SInv} (Okawaru gifted it to you on level 2 of the
                  | Swamp)
 31391 | Swamp:2  | Received a gift from Okawaru
 32023 | Snake:3  | Noticed Nikola
 32039 | Snake:3  | Killed Nikola
 32565 | Snake:3  | Noticed Azrael
 32594 | Snake:3  | Killed Azrael
 32788 | Snake:4  | Entered Level 4 of the Snake Pit
 33247 | Snake:4  | Received a gift from Okawaru
 33504 | Snake:4  | Received a gift from Okawaru
 34193 | Snake:4  | Identified the +2 pair of gloves of a bailey {Int+3}
                  | (Okawaru gifted it to you on level 4 of the Snake Pit)
 34193 | Snake:4  | Received a gift from Okawaru
 34342 | Snake:4  | Got a serpentine rune of Zot
 34378 | Snake:4  | Reached skill level 21 in Long Blades
 34893 | Elf:1    | Entered Level 1 of the Elven Halls
 34918 | Elf:1    | Reached XP level 18. HP: 141/176 MP: 18/18
 35312 | Elf:1    | Paralysed by an air elemental for 1 turns
 35879 | Elf:2    | Found Vuexud's Vocational Training.
 35976 | Elf:2    | Paralysed by an air elemental for 1 turns
 36560 | Elf:2    | Found a runed translucent gate.
 36561 | Elf:2    | Found a runed translucent gate.
 36561 | Elf:2    | Found a runed translucent gate.
 36751 | Elf:3    | Entered Level 3 of the Elven Halls
 36761 | Elf:3    | Found Qialokh's Antique Weapon Emporium.
 36765 | Elf:3    | Found Umolayzu's Antique Armour Shoppe.
 36884 | Elf:3    | Found a flickering gateway to a bazaar.
 36895 | Bazaar   | Entered a bazaar
 36909 | Bazaar   | Found Enkemoff's Antique Weapon Emporium.
 36932 | Bazaar   | Found Bux Eqafiwe's Weapon Shoppe.
 36932 | Bazaar   | Found Qaofuvus's Magic Scroll Emporium.
 36955 | Bazaar   | Found Miown's Antique Weapon Shoppe.
 36955 | Bazaar   | Found Dufol's Antique Armour Emporium.
 37013 | Bazaar   | Bought the +7 great mace "Firestarter" {inner flame, rF++}
                  | for 712 gold pieces
 37013 | Bazaar   | Found the +7 great mace "Firestarter" {inner flame, rF++}
 37019 | Bazaar   | Bought the +11 scimitar of Mayhem {spect, Str+4} for 804
                  | gold pieces
 37272 | Elf:3    | Identified the quicksilver dragon scales of Digenun {rF-
                  | Will+ rCorr Int+4 Stlth+} (Okawaru gifted it to you on
                  | level 3 of the Elven Halls)
 37272 | Elf:3    | Received a gift from Okawaru
 37423 | Elf:3    | Found a runed translucent door.
 37425 | Elf:3    | Found an ancient bone altar of Kikubaaqudgha.
 37590 | Elf:3    | Noticed an Ice Fiend
 38587 | Elf:3    | Identified the +7 flail of Forgiveness {protect, rCorr}
 38645 | Elf:3    | Identified the +4 lajatang of Yfaruu {venom, MP+9}
 38661 | Elf:3    | Received a gift from Okawaru
 38914 | Elf:3    | Found the +13 scythe of Curses {drain, Drain}
 38918 | Elf:3    | Got the Handbook of the Torrid Jaunt
 38921 | Elf:3    | Identified the ring "Ugeoher" {rF+ rC+ Will+ Stlth+}
 38930 | Elf:3    | Got Gaysich's Catalogue of Warped Bedrock
 38959 | Elf:3    | Got the Vellum of Chthonic Blasphemous Arts
 38961 | Elf:3    | Got Jafasug's Meditations on the Lungs
 38969 | Elf:3    | Identified the ring "Sauch" {rPois EV+4}
 39116 | Elf:3    | Reached XP level 19. HP: 168/185 MP: 17/19
 39971 | Swamp:3  | Received a gift from Okawaru
 40595 | Swamp:4  | Entered Level 4 of the Swamp
 40636 | Swamp:4  | Received a gift from Okawaru
 40669 | Swamp:4  | Reached skill level 22 in Long Blades
 40694 | Swamp:4  | Identified a scroll of acquirement
 40896 | Swamp:4  | Noticed Aizul
 40910 | Swamp:4  | Killed Aizul
 41251 | Swamp:4  | Got a decaying rune of Zot
 41727 | Vaults:1 | Entered Level 1 of the Vaults
 42284 | Vaults:1 | Reached skill level 10 in Dodging
 42393 | Vaults:1 | Received a gift from Okawaru
 42546 | Vaults:1 | Reached XP level 20. HP: 192/198 MP: 20/20
 43241 | Vaults:2 | Noticed Bai Suzhen
 43255 | Vaults:2 | Killed Bai Suzhen
 43393 | Vaults:2 | Identified the +5 kite shield of Reileuz {Int+7} (Okawaru
                  | gifted it to you on level 2 of the Vaults)
 43393 | Vaults:2 | Received a gift from Okawaru
 43578 | Vaults:2 | Noticed Frederick
 43587 | Vaults:2 | Killed Frederick
 43610 | Vaults:2 | Reached skill level 10 in Stealth
 44120 | Vaults:2 | Found a staircase to the Crypt.
 44120 | Vaults:2 | Found an ancient bone altar of Kikubaaqudgha.
 44120 | Vaults:2 | Found a basalt altar of Yredelemnul.
 44371 | Vaults:2 | Noticed Zenata
 44390 | Vaults:2 | Killed Zenata
 44536 | Vaults:2 | HP: 4/179 [vault warden/+3 great mace of draining (40)]
 44536 | Vaults:2 | Demolished by a vault warden

Illustrated notes

Levels and vault maps discovered:
D:1:      ncdulo_smallfort, layout_basic,
          hellmonk_ecumenical_altar_leap_of_faith, st_stairs_7,
          chequers_mini_garden
D:2:      layout_basic
D:3:      layout_basic, kennysheep_path_1
D:4:      kb_forest_paths, layout_basic, nicolae_ru_sacrificial_ziggurat,
          uniq_sigmund, uniq_ijyb
D:5:      layout_loops_ring, lightli_church_of_beogh
D:6:      layout_loops_ring, supply_closet_lemuel, lightli_minifort
D:7:      layout_loops_corners, minmay_temple_entry_mist, uniq_joseph,
          uniq_duvessa
D:8:      layout_rooms, erik_lair_island, kennysheep_generic_room_15
D:9:      layout_roguey, serial_glass, glass_columns_b, glass_columns_a,
          nicolae_elevator_lobby_asterisk, uniq_pikel
D:10:     layout_cave_pools, minitemple, chequers_serial_rivers_micro_a,
          uniq_josephine
D:11:     layout_long_grid, gammafunk_ghost_split, uniq_sonja
D:12:     layout_roguey [special_room_bee], david_orc_4, enter_trove_6,
          nicolae_elemental_shop
D:13:     layout_basic, david_vaults_2
D:14:     layout_roguey, serial_rivers, chequers_serial_rivers_micro_d,
          chequers_serial_rivers_micro_a, chequers_serial_rivers_micro_e,
          chequers_serial_rivers_room_b, chequers_serial_rivers_room_a,
          chequers_serial_rivers_micro_d
D:15:     gammafunk_enter_depths_forms, layout_stronghold, glass_columns_b,
          uniq_roxanne
Temple:   hellmonk_temple_divided_pantheon
Lair:1:   layout_chaotic_city
Lair:2:   minmay_guarded_unrand_snakebite, layout_misc_corridors,
          grunt_forest_stairs_clearing, grunt_megastairs_1
Lair:3:   layout_layer_cave, nicolae_swamp_entry_splash_gauntlet,
          minmay_snake_entry_guardpost_small, bobbens_dragon_lair_wall
Lair:4:   layout_layer_cave, nicolae_slime_entry_slimehenge,
          serial_bayou_crossing
Lair:5:   wormcave, layout_regular_city, hangedman_lair_caniforms_friends,
          chequers_serial_rivers_small_a, worms_lemuel
Swamp:1:  layout_basic_swamp, evilmike_swamp_ruin_rubble_1, swamp_pool2,
          st_swamp_ruins_4, infiniplex_staircase_pool_2, uniq_mlioglotl,
          uniq_louise
Swamp:2:  layout_falls_marsh, evilmike_swamp_ruin_house_5, swamp_pool1,
          nicolae_swamp_fairy_circle, nicolae_swamp_no_escape, uniq_donald,
          uniq_jorgrun
Swamp:3:  layout_basic_swamp, evilmike_swamp_ruin_wall, swamp_pool1,
          nicolae_swamp_bunyip_nook
Swamp:4:  swamp_basic_johnstein, layout_basic_swamp, swamp_pool4, uniq_aizul
Snake:1:  layout_layer_cave
Snake:2:  layout_grid_maze, grunt_megastairs_2, lemuel_fruit_tree
Snake:3:  layout_gridlike, uniq_azrael, uniq_nikola
Snake:4:  minmay_snake_end_coiled, layout_onion_interference,
          nicolae_snake_gridmaze_waves, grunt_ministairs_7
Orc:1:    layout_caves, portal_ice_cave_rime, okawaru_metal_pillars_1_2
Orc:2:    st_orc_town, layout_caves, serial_shops, nicolae_shop_behind_doors,
          statue_in_the_mist_lemuel, nicolae_specific_store,
          nicolae_orc_bridge_out
Elf:1:    nicolae_elf_arrival_aired_out, layout_onion_city, minivault_28
Elf:2:    nicolae_elf_blades_crystal_corner, layout_geoelf_grid,
          nicolae_shop_vocational
Elf:3:    minmay_elf_hall_four_x, layout_gridlike, serial_shops, bzr_firewalk,
          nicolae_danse_macabre, minmay_shoptagon
Vaults:1: vaults_room_fours, vaults_dpeg_spiral, vaults_standard_mumra_x,
          ontoclasm_vaults_ring_small, v_misc_18, st_hourglassy,
          vaults_mumra_chevron, v_misc_5, v_misc_16, grunt_vaults_diagonal,
          vaults_standard_mumra_enter_the_diamond,
          nicolae_vaults_mini_display_case, nicolae_vaults_little_squares_6,
          ontoclasm_vaults_ring_large, serial_ice_g,
          ontoclasm_vaults_decontamination, layout_vaults_omnicross
Vaults:2: nicolae_vaults_little_squares_4, minmay_crypt_entry_necro_gods,
          v_misc_15, vaults_room_fours, vaults_room_hallway,
          nicolae_vaults_border_crossing, v_pattern_1,
          nicolae_vaults_little_squares_2, layout_vaults_omnigrid,
          uniq_frederick, uniq_zenata, uniq_bai_suzhen

Skill      XL: |  1  2  3  4  5  6  7  8  9 10 11 12 13 14 15 16 17 18 19 20 |
---------------+-------------------------------------------------------------+-----
Fighting       | 4 5 6 7 9 10 11 13 15 16 18 19 20 21 | 21.9
Armour         | 4 5 6 7 9 10 12 13 14 15 16 17 18 | 18.5
Shields        | 4 5 6 7 8 9 10 11 13 14 15 17 19 20 21 | 21.2
Long Blades    | 3 4 5 6 7 10 11 13 14 15 16 18 19 21 22 | 22.6
Dodging        | 1 2 3 4 5 6 7 8 9 10 | 10.5
Stealth        | 1 2 4 5 6 7 8 9 10 | 10.2
Evocations     | 1 |  1.4
Invocations    | 1 2 |  2.3

Action                   |  1- 3 |  4- 6 |  7- 9 | 10-12 | 13-15 | 16-18 | 19-21 || total
-------------------------+-------+-------+-------+-------+-------+-------+-------++-------
Melee: Long sword        |   103 |   121 |   158 |       |       |       |       ||   382
       Headbutt          |    10 |    15 |    55 |   167 |   317 |   397 |   210 ||  1171
       Falchion          |       |       |    90 |   617 |    23 |       |       ||   730
       Demon blade       |       |       |       |       |  1348 |  1206 |       ||  2554
       Scimitar          |       |       |       |       |       |   158 |   593 ||   751
Invok: Heroism           |       |       |       |     4 |     6 |     7 |     3 ||    20
Evoke: Wand              |       |       |       |     3 |     5 |       |     6 ||    14
  Use: Scroll            |       |       |    12 |       |    16 |     7 |     4 ||    39
       Potion            |       |       |     1 |       |     3 |     6 |     1 ||    11
 Stab: Sleeping          |       |       |       |     3 |    25 |    15 |    18 ||    61
       Distracted        |       |       |       |       |     1 |    10 |    19 ||    30
Armor: Scale mail        |    55 |    28 |       |       |       |       |       ||    83
       Chain mail        |       |    70 |   129 |   221 |       |       |       ||   420
       Shadow dragon sca |       |       |       |   125 |   780 |   630 |   435 ||  1970
Dodge: Dodged            |    58 |    48 |    53 |   251 |   578 |   489 |   349 ||  1826
Block: Buckler           |    20 |    31 |    47 |   176 |   428 |    26 |       ||   728
       Kite shield       |       |       |       |       |       |   759 |   544 ||  1303
